 Dungeon Crawl Stone Soup version 0.30-a0-779-g7971cf19c3 (webtiles) character file.

Game seed: 7601700197927678163

69940 themarg the Fighter (level 14, 0/165 HPs)
             Began as a Demonspawn Fire Elementalist on Feb 17, 2023.
             Was the Champion of Vehumet.
             Slain by a quicksilver ooze (12 damage)
             ... in an ice cave.
             The game lasted 01:39:12 (23208 turns).

themarg the Fighter (Demonspawn Fire Elementalist) Turns: 23208, Time: 01:39:12

Health: 0/165      AC: 27    Str:  9    XL:     14   Next: 92%
Magic:  0/37       EV:  2    Int: 21    God:    Vehumet [******]
Gold:   1990       SH:  0    Dex: 14    Spells: 4/33 levels left

rFire   . . .      SeeInvis .    j - +5 quick blade (vamp)
rCold   + . .      Faith    .    (no shield)
rNeg    . . .      Spirit   +    (body armour currently unavailable)
rPois   +          Reflect  .    (helmet currently unavailable)
rElec   .          Harm     .    (cloak currently unavailable)
rCorr   .          Rampage  .    (gloves currently unavailable)
Will    +....      NoTele   +    (boots currently unavailable)
Stlth   +                        U - amulet of regeneration
HPRegen 1.27/turn                f - ring of protection from cold
MPRegen 0.50/turn                T - ring of magical power

@: confused, mighty, tree-form, ambrosia-drunk, engulfed, hasted, very quick
A: stationary, stasis, torment immunity, boosted hp, (hooves 2), (icy blue
scales 3), magic shield, magic regeneration, demonic magic 2
a: Renounce Religion


You were in an ice cave.
You worshipped Vehumet.
Vehumet was exalted by your worship.
You were a tree.
You visited 4 branches of the dungeon, and saw 21 of its levels.
You also visited: Ice Cave.

You collected 2650 gold pieces.
You spent 660 gold pieces at shops.

Inventory:

Hand Weapons
 j - a +5 vampiric quick blade (weapon)
Missiles
 d - 8 curare-tipped darts
 n - 3 throwing nets
Armour
 a - a +0 troll leather armour (melded)
 e - a +2 cloak (melded)
 E - a +0 pair of gloves (melded)
 F - the +1 helmet of Xigua (melded) {rF++}
   (You acquired it on level 4 of the Dungeon)

   rF:        It greatly protects you from fire.
Jewellery
 f - a ring of protection from cold (left branch)
 T - a ring of magical power (right branch)
 U - an amulet of regeneration (around neck)
Wands
 o - a wand of charming (9)
 q - a wand of light (14)
 u - a wand of roots (20)
 B - a wand of flame (23)
 O - a wand of polymorph (22)
Scrolls
 c - 2 scrolls of magic mapping
 g - a scroll of silence {unknown}
 p - 11 scrolls of teleportation
 s - 4 scrolls of fear
 t - a scroll of torment {unknown}
 w - 4 scrolls of blinking {unknown}
 x - 2 scrolls of brand weapon {unknown}
 y - 5 scrolls of immolation
 z - 5 scrolls of vulnerability {unknown}
 A - 2 scrolls of noise {unknown}
 C - 2 scrolls of amnesia {unknown}
 D - 2 scrolls of fog {unknown}
 K - 4 scrolls of poison {unknown}
 L - 2 scrolls of enchant weapon {unknown}
 M - a scroll of enchant armour {unknown}
 N - a scroll of butterflies {unknown}
Potions
 k - 2 potions of attraction
 l - 3 potions of lignification
 m - a potion of berserk rage {unknown}
 r - 2 potions of might
 v - 2 potions of curing
 J - 3 potions of mutation {unknown}
 P - 2 potions of haste
 Q - a potion of cancellation {unknown}
 S - 4 potions of brilliance {unknown}
 W - a potion of ambrosia
 X - 7 potions of flight {unknown}
 Y - 3 potions of invisibility
Miscellaneous
 h - a phantom mirror (inert)
 G - a phial of floods
 V - a box of beasts (inert)


   Skills:
 - Level 10.0 Fighting
 - Level 10.0 Short Blades
 - Level 2.0 Throwing
 - Level 10.0 Dodging
 - Level 2.0 Stealth
 - Level 10.0 Spellcasting
 - Level 8.0 Conjurations
 - Level 6.0 Fire Magic
 * Level 9.0 Ice Magic
 - Level 8.0 Air Magic
 - Level 2.0 Poison Magic
 - Level 5.0 Evocations


You had 4 spell levels left.
You knew the following spells:

 Your Spells              Type           Power      Damage    Failure   Level
a - Foxfire               Conj/Fire      100%       2x1d9     1%          1
b - Scorch                Fire           70%        2d9       1%          2
c - Flame Wave            Conj/Fire      39%        2d11      1%          4
d - Lightning Bolt        Conj/Air       22%        1d37      1%          5
e - Arcjolt               Conj/Air       22%        1d32      1%          5
f - Freezing Cloud        Conj/Ice/Air   22%        6-21      1%          5
g - Ozocubu's Refrigerat  Ice            24%        4d12      32%         7

Your spell library contained the following spells:

 Spells                   Type           Power      Damage    Failure   Level
 Eringya's Noxious Bog    Tmut/Pois      7%         N/A       82%         6
 Shock                    Conj/Air       100%       1d9       1%          1
 Ensorcelled Hibernation  Hex/Ice        58%        N/A       1%          2
 Static Discharge         Conj/Air       88%        2-6/arc   1%          2
 Dazzling Flash           Conj/Hex       54%        N/A       1%          3
 Ignite Poison            Fire/Tmut/Pois 21%        N/A       1%          3
 Inner Flame              Hex/Fire       23%        N/A       1%          3
 Kindle Blastsparks       Fire/Tloc/Air  60%        2d15      1%          3
 Swiftness                Air            44%        N/A       1%          3
 Airstrike                Air            22%        2d(4-20)  1%          4
 Vhi's Electric Charge    Tloc/Air       54%        N/A       3%          3
 Fulminant Prism          Conj/Hex       13%        3d9       3%          4
 Iskenderun's Mystic Bla  Conj/Tloc      27%        2d7       3%          4
 Lesser Beckoning         Tloc           20%        N/A       10%         2
 Sublimation of Blood     Necr           10%        N/A       10%         2
 Wereblood                Tmut           10%        N/A       10%         2
 Summon Lightning Spire   Summ/Air       27%        N/A       12%         4
 Spider Form              Tmut/Pois      14%        N/A       13%         3
 Gell's Gravitas          Tloc           10%        N/A       19%         3
 Teleport Other           Tloc           10%        N/A       19%         3
 Anguish                  Hex/Necr       5%         N/A       54%         4
 Manifold Assault         Tloc           10%        N/A       54%         4
 Iskenderun's Battlesphe  Conj           44%        2d10      1%          5
 Fireball                 Conj/Fire      19%        3d9       2%          5
 Starburst                Conj/Fire      19%        6d7       16%         6
 Lee's Rapid Deconstruct  Erth           5%         3d6*      41%         5
 Iron Shot                Conj/Erth      13%        9d3       41%         6
 Spellforged Servitor     Conj/Summ      13%        N/A       92%         7
 Dispersal                Tloc           5%         N/A       100%        6
 Summon Hydra             Summ           5%         N/A       100%        7
 Disjunction              Tloc           5%         N/A       100%        8


Dungeon Overview and Level Annotations

Branches:
Dungeon (13/15)            Temple (1/1) D:6            Lair (5/5) D:8
 Shoals (0/4) Lair:3       Spider (0/4) Lair:3        Slime (0/5) Lair:4
    Orc (2/2) D:9             Elf (0/3) Orc:2         IceCv (1/1)
 Vaults: D:13-14

Altars:
Ashenzari
Cheibriados
Dithmenos
Fedhas
Gozag
Hepliaklqana
Kikubaaqudgha
Makhleb
Nemelex Xobeh
Okawaru
Qazlal
Ru
Sif Muna
Trog
Uskayaw
Vehumet
Wu Jian
Xom
Yredelemnul

Shops:
D:4 *   D:12 *   Orc:2 (=*[(

Annotations:
Lair:1 1 runed translucent door, exclusions: door and elephant, Rupert
Lair:2 exclusion: oklob plant
Lair:3 1 exclusion
Lair:4 1 exclusion
Orc:2 1 exclusion IceCv exclusion: ice statue


Innate Abilities, Weirdness & Mutations

You are a tree.
Your roots penetrate the ground, keeping you stationary.
You cannot be teleported.
You are immune to unholy pain and torment.
Your maximum health is greatly increased.
Your equipment is partially melded.
((You have hoof-like feet.))
((You are completely covered in icy blue scales. (AC +4, rC+)))
When hurt, damage is shared between your health and your magic reserves.
You regenerate magic rapidly.
Spells you cast may paralyse nearby enemies.


Message History

The slime creature hits you!
* * * LOW HITPOINT WARNING * * *
The ice statue gestures.
The slime creature hits you but does no damage.
You feel very mighty all of a sudden.
The ice beast is no longer paralysed.
The quicksilver ooze hits you.
The quicksilver ooze hits you but does no damage.
You swing at nothing.
You hit the quicksilver ooze.
You feel better.
The quicksilver ooze is severely wounded.
The slime creature hits you but does no damage. x2
The quicksilver ooze hits you.
* * * LOW HITPOINT WARNING * * *
The quicksilver ooze hits you.
* * * LOW HITPOINT WARNING * * *
You feel your power leaking away.
You nearly hit yourself!
The quicksilver ooze jiggles.
The quicksilver ooze hits you. x2
* * * LOW HITPOINT WARNING * * *
You feel your power leaking away.
Okay, then.
You are too confused!
You feel better.
You feel less invigorated.
The ice beast hits you but does no damage.
The slime creature hits you!
* * * LOW HITPOINT WARNING * * *
The slime creature hits you but does no damage.
The quicksilver ooze hits you!
* * * LOW HITPOINT WARNING * * *
The quicksilver ooze hits you but does no damage.
As you read the scroll of fear, it crumbles to dust.
You assume a fearsome visage.
The ice beast looks frightened! x3
The quicksilver ooze is unaffected.
The slime creature looks frightened! x2
The ice statue is unaffected.
The quicksilver ooze hits you!
* * * LOW HITPOINT WARNING * * *
The quicksilver ooze hits you but does no damage.
You are confused.
You feel invigorated. The quicksilver ooze hits you!
You die...

#..# ##..####..# #..#
#....##..# ##.##
##.......## #..#
[[#...##...#
#..##[[##..##...##.#
..#
##..##.##..##....#.#
..#
#...#.##..##...J#.#...#
##....#...###...#.#...#
##.......# ##♣J.....#
#.......# #.......#
#......## #Y.J...##
##.....# ##YY...#
##...## ##.8.## #####
#####


You could see an ice statue, 2 slime creatures, a quicksilver ooze and 3 ice
beasts.

Vanquished Creatures
  Gastronok (Lair:3)
  An orc warlord (Orc:2)
  An entropy weaver (shapeshifter) (D:13)
  The ghost of browni3141 the Thaumaturge, a journeyman DjDe of Gozag (Lair:1)
  A hydra (Lair:2)
  Erica (Orc:1)
  10 death yaks
  4 boulder beetles
  A two-headed ogre (D:9)
  4 orc high priests
  Nergalle (Lair:1)
  2 skysharks
  3 orc knights (Orc:2)
  2 lindwurms
  7 orc sorcerers
  A wolf spider (Lair:5)
  A cyclops (D:12)
  5 black mambas
  A guardian serpent (Lair:5)
  Maurice (D:10)
  8 elephants
  17 cane toads
  A water nymph (Lair:3)
  An ice statue (IceCv)
  2 gargoyles
  8 komodo dragons
  2 unseen horrors
  2 rime drakes
  A queen bee (D:13)
  7 trolls
  3 hornets (Lair:5)
  3 meliai (D:13)
  2 polar bears
  8 blink frogs
  5 dream sheep (Lair:3)
  9 slime creatures
  2 vampires
  14 wyverns
  A steam dragon (D:9)
  49 yaks
  4 basilisks
  A redback (Lair:5)
  4 vampire mosquitoes (D:11)
  2 wargs (Orc:1)
  5 acid dragons
  23 water moccasins
  35 orc warriors
  3 black bears
  A sky beast (D:8)
  A swamp drake (D:9)
  An ice beast (D:8)
  A great orb of eyes simulacrum (IceCv)
  4 ogres
  4 wolves (D:8)
  5 centaurs
  2 slime creature simulacra (IceCv)
  A phantom (D:6)
  5 kobold brigands
  A necrophage (D:7)
  10 bullfrogs
  2 gnoll sergeants
  3 glowing shapeshifter simulacra (IceCv)
  2 scorpions
  13 wights
  28 killer bees
  5 electric eels
  5 howler monkeys
  29 orc priests
  2 jellies
  6 hounds
  Jessica (D:2)
  4 iguanas
  Ijyb (D:3)
  35 orc wizards
  7 shapeshifter simulacra (IceCv)
  11 gnolls
  6 adders
  15 white imps
  An ufetubus (D:4)
  4 worms
  6 dart slugs
  82 orcs
  5 bats
  4 endoplasms
  6 giant cockroaches
  12 goblins
  7 hobgoblins
  6 jackals
  34 kobolds
  2 quokkas (D:2)
  6 ball pythons
  3 frilled lizards
  6 rats
666 creatures vanquished.

Vanquished Creatures (collateral kills)
  2 slime creatures (IceCv)
  A glowing shapeshifter simulacrum (IceCv)
3 creatures vanquished.

Vanquished Creatures (others)
  A slime creature (IceCv)
  176 foxfires
  40 fungi
  96 plants
313 creatures vanquished.

Grand Total: 982 creatures vanquished

Notes
Turn   | Place    | Note
-------+----------+-------------------------------------------
     0 | D:1      | themarg the Demonspawn Fire Elementalist began the quest
                  | for the Orb.
     0 | D:1      | Reached XP level 1. HP: 13/13 MP: 3/3
   249 | D:1      | Gained mutation: You are partially covered in icy blue
                  | scales. (AC +2) [demonic ancestry]
   249 | D:1      | Reached XP level 2. HP: 16/19 MP: 0/5
   414 | D:1      | Learned a level 2 spell: Scorch
   706 | D:1      | Gained mutation: You have large cloven feet. [demonic
                  | ancestry]
   706 | D:1      | Reached XP level 3. HP: 24/24 MP: 3/6
  1085 | D:2      | Noticed Jessica
  1310 | D:1      | Gained mutation: You are mostly covered in icy blue scales.
                  | (AC +3) [demonic ancestry]
  1310 | D:1      | Reached XP level 4. HP: 30/30 MP: 4/7
  1441 | D:2      | Killed Jessica
  1777 | D:2      | Found Jueskeczos's Magic Scroll Boutique.
  1889 | D:2      | Gained mutation: Spells you cast may paralyse adjacent
                  | enemies. [demonic ancestry]
  1889 | D:2      | Reached XP level 5. HP: 35/35 MP: 4/8
  2018 | D:3      | Noticed Ijyb
  2144 | D:3      | Killed Ijyb
  2418 | D:3      | Reached skill level 5 in Fire Magic
  2920 | D:4      | Found Dofuacos's General Store.
  3114 | D:4      | Reached skill level 1 in Fighting
  3367 | D:4      | Found a burning altar of Makhleb.
  3399 | D:4      | Gained mutation: You regenerate magic rapidly. [demonic
                  | ancestry]
  3399 | D:4      | Reached XP level 6. HP: 44/44 MP: 2/9
  3709 | D:5      | Entered Level 5 of the Dungeon
  3979 | D:5      | Identified the +0 trident "Cudukh" {drain, rElec Str+2}
  4350 | D:5      | Found a sacrificial altar of Ru.
  4359 | D:5      | Gained mutation: You are completely covered in icy blue
                  | scales. (AC +4, rC+) [demonic ancestry]
  4359 | D:5      | Reached XP level 7. HP: 54/54 MP: 2/10
  4647 | D:5      | Reached skill level 5 in Fighting
  4896 | D:6      | Identified the +0 leather armour of the Lair of Beasts
                  | {rElec rCorr Dex-5 Stlth-}
  5288 | D:6      | Found a radiant altar of Vehumet.
  5291 | D:6      | Found a staircase to the Ecumenical Temple.
  5316 | Temple   | Entered the Ecumenical Temple
  5334 | D:6      | Became a worshipper of Vehumet
  5347 | D:6      | Reached skill level 5 in Conjurations
  5347 | D:6      | Reached XP level 8. HP: 62/62 MP: 3/12
  5781 | D:6      | Found a shadowy altar of Dithmenos.
  5991 | D:7      | Identified the +0 leather armour of Opsupoof {Will- Str+3
                  | Dex+2}
  6041 | D:7      | Learned a level 4 spell: Flame Wave
  6086 | D:7      | Found a shimmering altar of Xom.
  6491 | D:7      | Reached skill level 1 in Short Blades
  6730 | D:8      | Reached XP level 9. HP: 68/68 MP: 9/15
  6818 | D:8      | Found a staircase to the Lair.
  6972 | D:8      | Reached skill level 5 in Short Blades
  7002 | D:8      | Reached * piety under Vehumet
  7002 | D:8      | Offered knowledge of Magic Dart by Vehumet.
  7010 | D:8      | Reached skill level 5 in Spellcasting
  7049 | D:8      | Reached skill level 1 in Evocations
  7145 | D:8      | Identified the +1 leather armour "Ryedaunu" {SInv}
  7235 | D:8      | Noticed a troll
  7239 | D:8      | Killed a troll
  7514 | D:8      | Identified the +3 scale mail of Pauhem {Will- Str+5}
  7886 | D:9      | Gained mutation: You have hoof-like feet. [demonic
                  | ancestry]
  7886 | D:9      | Reached XP level 10. HP: 60/77 MP: 9/17
  7960 | D:9      | Reached skill level 5 in Dodging
  8102 | D:9      | Offered knowledge of Searing Ray by Vehumet.
  8159 | D:9      | Reached ** piety under Vehumet
  8288 | D:9      | Noticed a two-headed ogre
  8501 | Lair:1   | Entered Level 1 of the Lair of Beasts
  8521 | Lair:1   | Noticed a cane toad
  8529 | Lair:1   | Killed a cane toad
  8736 | Lair:1   | Found a transporter.
  8793 | Lair:1   | Noticed browni3141's ghost (journeyman DjDe)
  8994 | Lair:1   | Found a transporter.
  9010 | Lair:1   | Noticed Nergalle
  9025 | Lair:1   | Killed Nergalle
  9183 | Lair:1   | Reached skill level 10 in Fighting
  9192 | Lair:1   | Reached skill level 1 in Air Magic
  9313 | Lair:1   | Noticed an elephant
  9542 | Lair:1   | Found a runed translucent door.
  9545 | Lair:1   | Noticed Rupert
  9767 | Lair:2   | Noticed a cane toad
  9775 | Lair:2   | Killed a cane toad
  9945 | Lair:2   | Noticed a skyshark
  9992 | Lair:2   | Reached XP level 11. HP: 90/90 MP: 18/18
 10049 | Lair:2   | Reached skill level 5 in Air Magic
 10113 | Lair:2   | You fall into a shaft and drop 2 floors!
 10229 | Lair:3   | Noticed a death yak
 10229 | Lair:3   | Noticed a death yak
 10229 | Lair:3   | Noticed a death yak
 10229 | Lair:3   | Noticed a death yak
 10229 | Lair:3   | Found a hole to the Spider Nest.
 10230 | Lair:3   | Noticed a death yak
 10276 | Lair:4   | Found a staircase to the Slime Pits.
 10305 | Lair:4   | Offered knowledge of Mephitic Cloud by Vehumet.
 10599 | Lair:4   | Noticed a lindwurm
 10789 | Lair:4   | Killed a lindwurm
 10790 | Lair:4   | Reached skill level 1 in Poison Magic
 11115 | Lair:3   | Noticed a death yak
 11115 | Lair:3   | Noticed a death yak
 11115 | Lair:3   | Noticed a death yak
 11117 | Lair:3   | Noticed a death yak
 11119 | Lair:3   | Noticed a death yak
 11242 | Lair:3   | Reached *** piety under Vehumet
 11270 | Lair:3   | Reached skill level 1 in Throwing
 11402 | Lair:2   | Killed a skyshark
 11563 | Lair:2   | Noticed a seven-headed hydra
 11644 | Lair:1   | Learned a level 5 spell: Lightning Bolt
 11810 | Lair:2   | Noticed an oklob plant
 11863 | Lair:2   | Learned a level 5 spell: Arcjolt
 11960 | Lair:2   | Gained mutation: Spells you cast may paralyse nearby
                  | enemies. [demonic ancestry]
 11960 | Lair:2   | Reached XP level 12. HP: 97/97 MP: 22/22
 11977 | Lair:2   | Killed a seven-headed hydra
 12431 | Lair:2   | Upgraded the game from 0.30-a0-778-g2ef04afb54 to
                  | 0.30-a0-779-g7971cf19c3
 12762 | D:9      | Offered knowledge of Fulminant Prism by Vehumet.
 12773 | D:9      | Learned a level 5 spell: Freezing Cloud
 12808 | D:9      | Killed a two-headed ogre
 12809 | D:9      | Reached skill level 1 in Ice Magic
 13151 | D:9      | Found a staircase to the Orcish Mines.
 13257 | D:9      | Reached **** piety under Vehumet
 13382 | D:9      | Offered knowledge of Iskenderun's Battlesphere by Vehumet.
 13505 | D:10     | Entered Level 10 of the Dungeon
 13663 | D:10     | Noticed Maurice
 13667 | D:10     | Killed Maurice
 13854 | D:10     | Reached skill level 5 in Evocations
 14963 | D:11     | Reached skill level 5 in Ice Magic
 15077 | D:11     | Noticed a boulder beetle
 15086 | D:11     | Killed a boulder beetle
 16015 | D:12     | Reached ***** piety under Vehumet
 16158 | D:12     | Offered knowledge of Olgreb's Toxic Radiance by Vehumet.
 16220 | D:12     | Noticed a boulder beetle
 16230 | D:12     | Killed a boulder beetle
 16392 | D:12     | Reached XP level 13. HP: 101/103 MP: 23/23
 16583 | D:12     | Found Noiw's Assorted Antiques.
 17175 | Lair:3   | Reached skill level 10 in Dodging
 17795 | Lair:3   | Found a staircase to the Shoals.
 17928 | Lair:3   | Found an ornate altar of the Wu Jian Council.
 17939 | Lair:3   | Noticed Gastronok
 17952 | Lair:3   | Killed Gastronok
 18604 | Lair:5   | Entered Level 5 of the Lair of Beasts
 18790 | Lair:5   | Reached skill level 10 in Spellcasting
 19295 | Lair:5   | Gained mutation: When hurt, damage is shared between your
                  | health and your magic reserves. [demonic ancestry]
 19295 | Lair:5   | Reached XP level 14. HP: 110/110 MP: 17/28
 19357 | Lair:5   | Offered knowledge of Ozocubu's Refrigeration by Vehumet.
 19409 | Lair:5   | Learned a level 7 spell: Ozocubu's Refrigeration
 20097 | Lair:5   | Identified the +2 ring mail of the Black Moon {Harm rCorr
                  | Str-3 Stlth-}
 20321 | Orc:1    | Entered Level 1 of the Orcish Mines
 20345 | Orc:1    | Noticed Erica
 20353 | Orc:1    | Killed Erica
 20913 | Orc:2    | Entered Level 2 of the Orcish Mines
 21035 | Orc:2    | Found Diyg's Weapon Emporium.
 21302 | Orc:2    | Reached ****** piety under Vehumet
 21303 | Orc:2    | Found a staircase to the Elven Halls.
 21314 | Orc:2    | Offered knowledge of Irradiate by Vehumet.
 21337 | Orc:2    | Noticed an orc warlord
 21380 | Orc:2    | Killed an orc warlord
 21803 | Orc:2    | Found Faytibli's Antique Armour Emporium.
 21804 | Orc:2    | Found Wit Dueb's Antique Weapon Emporium.
 21810 | Orc:2    | Found Pamojath's General Store.
 21810 | Orc:2    | Found Zyawelur's Jewellery Shoppe.
 21909 | Orc:2    | Offered knowledge of Eringya's Noxious Bog by Vehumet.
 22295 | D:4      | Bought a potion of invisibility for 88 gold pieces
 22295 | D:4      | Bought a scroll of acquirement for 572 gold pieces
 22295 | D:4      | Acquired a +5 vampiric quick blade
 22296 | D:4      | Acquired 754 gold pieces
 22298 | D:4      | Acquired the +1 helmet of Xigua {rF++}
 22515 | Lair:1   | Killed browni3141's ghost
 22745 | D:13     | Reached skill level 10 in Short Blades
 22818 | D:13     | Found a frozen archway.
 22846 | IceCv    | Entered an ice cave
 23163 | IceCv    | Noticed a quicksilver ooze
 23208 | IceCv    | Slain by a quicksilver ooze

Illustrated notes

Levels and vault maps discovered:
D:1:      shiori_arrival_oz, layout_rooms, dreamdust_mushroom_princess
D:2:      layout_rooms, serial_shops, nicolae_shop_behind_doors,
          minmay_circle_x, uniq_jessica
D:3:      layout_rooms, uniq_ijyb
D:4:      layout_loops_ring, bloody_makhleb, serial_shops,
          nicolae_shop_waterfront
D:5:      layout_basic, nicolae_ru_great_annihilating_truth, kennysheep_path_1
D:6:      layout_basic, kennysheep_mini_moat, vehumet_crystals, temple_statues
D:7:      layout_basic, overflow_temple_1_default
D:8:      layout_loops_ring, erik_lair_island
D:9:      minmay_skewed_foursquare, layout_loops_ring, erik_orc_1
D:10:     layout_stronghold, uniq_maurice
D:11:     layout_irregular_city, kennysheep_minor_cross
D:12:     layout_cave_pods, serial_shops, nicolae_shop_overgrown_old_shop
D:13:     layout_roguey [special_room_bee], portal_ice_cave_entry_imps,
          uniq_urug
Temple:   sentei_temple_godly_chess
Lair:1:   layout_regular_city, gammafunk_ghost_arena, st_stairs_13,
          pdpol_lair_cabin_in_the_woods, uniq_nergalle
Lair:2:   minmay_lair_oklob_tunnel, layout_regular_city
Lair:3:   layout_chaotic_city, nicolae_shoals_entry_flooding,
          dummy_spider_entry, basic_altar, serial_bayou_shore_a,
          grunt_megastairs_5, serial_bayou_shore_b, uniq_gastronok
Lair:4:   layout_regular_city, slime_entry_1, grunt_forest_small_clearings
Lair:5:   hangedman_lair_tendril_chambers, layout_regular_city
Orc:1:    layout_diamond_mine, mines_bat_river, uniq_erica
Orc:2:    st_orc_congregation, layout_diamond_mine, serial_shops,
          nicolae_shop_stone
IceCv:    ice_cave_hellmonk_azure_passage

Skill      XL: |  1  2  3  4  5  6  7  8  9 10 11 12 13 14 |
---------------+-------------------------------------------+-----
Stealth        | 2 |  2.0
Fire Magic     | 3 4 5 6 |  6.0
Conjurations   | 2 5 6 7 8 |  8.0
Dodging        | 2 3 4 5 8 10 | 10.0
Fighting       | 1 4 5 6 10 | 10.0
Spellcasting   | 4 5 7 10 | 10.0
Short Blades   | 3 5 6 10 | 10.0
Evocations     | 3 5 |  5.0
Air Magic      | 4 7 8 |  8.0
Poison Magic   | 2 |  2.0
Throwing       | 2 |  2.0
Ice Magic      | 5 9 |  9.0

Action                     |  1- 3 |  4- 6 |  7- 9 | 10-12 | 13-15 || total
---------------------------+-------+-------+-------+-------+-------++-------
  Melee: Short sword       |    39 |    20 |    50 |   115 |    59 ||   283
         Kick              |     2 |     3 |    13 |    36 |    26 ||    80
         Punch             |     1 |       |       |     2 |       ||     3
         Quick blade       |       |       |       |       |    29 ||    29
   Cast: Foxfire           |    38 |    44 |    13 |    12 |       ||   107
         Scorch            |    21 |    54 |   143 |   296 |   183 ||   697
         Lightning Bolt    |       |       |       |    34 |    37 ||    71
         Flame Wave        |       |       |       |     2 |     2 ||     4
         Freezing Cloud    |       |       |       |    32 |   118 ||   150
         Arcjolt           |       |       |       |     9 |    85 ||    94
  Evoke: Wand              |       |       |     2 |     3 |     4 ||     9
         Phantom mirror    |       |       |       |     1 |     1 ||     2
         Box of beasts     |       |       |       |       |     1 ||     1
    Use: Scroll            |       |     3 |     3 |     6 |     6 ||    18
         Potion            |       |       |       |     1 |    16 ||    17
   Stab: Paralysed         |       |     7 |    26 |   102 |    44 ||   179
         Sleeping          |       |     1 |       |       |       ||     1
 Armour: Robe              |    27 |     3 |    18 |    35 |       ||    83
         Troll leather arm |       |       |       |     3 |    41 ||    44
         Skin              |       |       |       |       |    77 ||    77
  Dodge: Dodged            |    64 |    18 |    36 |    89 |   120 ||   327

Table legend: (Time is in decaauts)
 A = Elapsed time spent in this place.
 B = Non-inter-level travel time spent in this place.
 C = Inter-level travel time spent in this place.
 D = Time resting spent in this place.
 E = Time spent auto-exploring this place.
 F = Levels seen in this place.
 G = Mean time per level.
                   A        B        C        D        E       F      G
               +--------+--------+--------+--------+--------+-----+--------+
         Total |  23194 |  21333 |   1861 |   4237 |  12794 |  22 | 1054.3 |
       Dungeon |  13578 |  12241 |   1337 |   1984 |   8210 |  13 | 1044.5 |
        Temple |      7 |      7 |      0 |      0 |      0 |   1 |    7.0 |
          Lair |   7519 |   7097 |    422 |   1618 |   3861 |   5 | 1503.8 |
  Orcish Mines |   1751 |   1650 |    101 |    500 |    723 |   2 |  875.5 |
      Ice Cave |    337 |    337 |      0 |    135 |      0 |   1 |  337.0 |
               +--------+--------+--------+--------+--------+-----+--------+

Top non-repeatable levels by time:
  Lair:2: 1823 daAuts
     D:9: 1627 daAuts
  Lair:4: 1533 daAuts
    D:10: 1523 daAuts
  Lair:5: 1488 daAuts
  Lair:1: 1466 daAuts
     D:8: 1444 daAuts
     D:5: 1332 daAuts
     D:1: 1321 daAuts
  Lair:3: 1206 daAuts
     D:6: 1010 daAuts
    D:12: 1001 daAuts
     D:4: 923 daAuts
   Orc:1: 911 daAuts
    D:11: 859 daAuts
